 Dungeon Crawl Stone Soup version 0.26-a0-597-gb535b0901c (webtiles) character file.

Game seed: 16000136893832200694

106 Lanoc the Sneak (level 4, 0/38 HPs)
             Began as a Demonspawn Delver on Sept 12, 2020.
             Slain by a bullfrog skeleton (6 damage)
             ... on level 4 of the Dungeon.
             The game lasted 00:02:50 (1919 turns).

Lanoc the Sneak (Demonspawn Delver)                 Turns: 1919, Time: 00:02:51

Health: 0/38       AC:  3    Str: 12    XL:     4   Next: 55%
Magic:  4/4        EV: 12    Int: 12    God:
Gold:   60         SH:  3    Dex: 15    Spells: 3/3 levels left

rFire    . . .     SeeInvis .   a - +0 falchion
rCold    + . .     Faith    .   o - +0 buckler (curse)
rNeg     . . .     Spirit   .   b - +0 leather armour
rPois    .         Reflect  .   (no helmet)
rElec    .         Harm     .   (no cloak)
rCorr    .                      (no gloves)
MR       .....                  (no boots)
Stlth    +++.......             (no amulet)
HPRegen  0.12/turn              (no ring)
MPRegen  0.09/turn              (no ring)

@: stab, hasted, very quick
A: cold resistance 1
a: no special abilities


You were on level 4 of the Dungeon.
You visited 1 branch of the dungeon, and saw 3 of its levels.

You collected 60 gold pieces.

Inventory:

Hand Weapons
 a - a +0 falchion (weapon)
Armour
 b - a +0 leather armour (worn)
 o - a cursed +0 buckler (worn)
Wands
 g - a wand of digging (3)
Scrolls
 c - 2 scrolls of fog
 d - a scroll of magic mapping
 e - 2 scrolls of fear
 i - a scroll of random uselessness {unknown}
 l - 2 scrolls of identify {unknown}
 n - a scroll of enchant armour {unknown}
Potions
 h - a potion of stabbing
 j - a potion of degeneration {unknown}
 k - 2 potions of curing {unknown}
 m - a potion of lignification {unknown}


   Skills:
 + Level 4.3 Fighting
 - Level 1.7 Long Blades
 + Level 3.3 Dodging
 - Level 4.5 Stealth
 + Level 0.1 Shields


You had 3 spell levels left.
You didn't know any spells.
Your spell library was empty.

Dungeon Overview and Level Annotations

Branches:
Dungeon (5/15)
 Temple: D:4-7

Altars:
Fedhas
The Shining One


Innate Abilities, Weirdness & Mutations

Your flesh is cold resistant. (rC+)


Message History

The adder is severely wounded.
The leopard gecko misses you. The adder bites you.
You slash the adder!
You kill the adder!
You feel sick. The leopard gecko bites you. The bullfrog skeleton hits you.
* * * LOW HITPOINT WARNING * * *
The leopard gecko bites you.
* * * LOW HITPOINT WARNING * * *
You feel yourself speed up. The bullfrog skeleton misses you.
You riposte.
You barely miss the bullfrog skeleton.
The bullfrog skeleton is severely damaged.
You block the leopard gecko's attack.
You feel sick.
You are no longer poisoned.
It was a potion of stabbing.
You feel ready to backstab.
You hit the bullfrog skeleton.
The bullfrog skeleton is almost destroyed.
The bullfrog skeleton hits you.
You die...

#....##..## ##
##.#.#....###.
#.#...#......
######.#...#.##...
#.........##.##...
#<........##......
#.......[....##...
#.........#..##...
#@...###.....##...
##Z#..####....###..
#.l.........#. ##.
#............ ##
#.......... ..
##.......... ...
##........... ...
#....###..... ...
#.....#..........
...


You could see a leopard gecko and a bullfrog skeleton.

Vanquished Creatures
  A worker ant (D:4)
  5 adders
  A river rat (D:5)
  A shadow imp (D:4)
  A dart slug (D:3)
  3 orcs (D:3)
  A hobgoblin (D:3)
  A jackal (D:3)
  2 quokkas
  A ball python (D:4)
  2 frilled lizards (D:3)
  A goblin (D:3)
  A quokka skeleton (D:4)
21 creatures vanquished.

Vanquished Creatures (others)
  19 plants (D:5)
19 creatures vanquished.

Grand Total: 40 creatures vanquished

Notes
Turn   | Place    | Note
-------+----------+-------------------------------------------
     0 | D:5      | Lanoc the Demonspawn Delver began the quest for the Orb.
     0 | D:5      | Reached XP level 1. HP: 18/18 MP: 1/1
    73 | D:5      | Noticed an ogre
   105 | D:5      | Gained mutation: Your flesh is cold resistant. (rC+)
                  | [demonic ancestry]
   105 | D:5      | Reached XP level 2. HP: 8/24 MP: 2/2
   639 | D:4      | Reached XP level 3. HP: 18/29 MP: 3/3
  1395 | D:3      | Found a glowing golden altar of the Shining One.
  1582 | D:3      | Reached XP level 4. HP: 30/37 MP: 4/4
  1762 | D:3      | Found a blossoming altar of Fedhas.
  1919 | D:4      | Slain by a bullfrog skeleton

Illustrated notes

Levels and vault maps discovered:
D:3:      layout_rooms, marbit_many_paths, overflow_temple_1_default,
          st_stairs_11
D:4:      layout_rooms, minmay_misc_feat_x
D:5:      wad_woods_settlement, layout_layer_cave, serial_shops,
          nicolae_shop_stone, uniq_eustachio

Skill      XL: |  1  2  3 |
---------------+----------+-----
Dodging        | 2 3 |  3.3
Fighting       | 4 |  4.3
Long Blades    | |  1.7
Stealth        | |  4.5
Shields        | |  0.1

Action                   |  1- 3 |  4- 6 || total
-------------------------+-------+-------++-------
Melee: Falchion          |    78 |    30 ||   108
  Use: Potion            |       |     2 ||     2
 Stab: Sleeping          |     2 |     1 ||     3
Armor: Leather armour    |    15 |     3 ||    18
Dodge: Dodged            |    68 |    28 ||    96
Block: Buckler           |       |     2 ||     2
       Rpst.: Falchion   |    23 |     9 ||    32

Table legend: (Time is in decaauts)
 A = Elapsed time spent in this place.
 B = Non-inter-level travel time spent in this place.
 C = Inter-level travel time spent in this place.
 D = Time resting spent in this place.
 E = Time spent auto-exploring this place.
 F = Levels seen in this place.
 G = Mean time per level.
                   A        B        C        D        E       F      G
               +--------+--------+--------+--------+--------+-----+--------+
         Total |   1941 |   1905 |     36 |    515 |   1035 |   3 |  647.0 |
       Dungeon |   1941 |   1905 |     36 |    515 |   1035 |   3 |  647.0 |
               +--------+--------+--------+--------+--------+-----+--------+

Top non-repeatable levels by time:
     D:3: 922 daAuts
     D:5: 634 daAuts
     D:4: 384 daAuts
